 Dungeon Crawl Stone Soup version 0.17.0-24-gcfadda4 (console) character file.

63 jw the Cutter (level 4, -2/31 HPs)
             Began as an Octopode Berserker on Nov 17, 2015.
             Was a Believer of Trog.
             Slain by an orc wizard
             ... wielding a +0 dagger
              (4 damage)
             ... on level 3 of the Dungeon.
             The game lasted 00:06:25 (1871 turns).

jw the Cutter (Octopode Berserker)                  Turns: 1871, Time: 00:06:25

Health: -2/31      AC:  1    Str: 16    XL:     4   Next: 9%
Magic:  4/4        EV: 13    Int:  9    God:    Trog [**....]
Gold:   79         SH:  0    Dex: 12    Spells: 0 memorised, 3 levels left

rFire  . . .     SeeInvis .     a - +0 short sword
rCold  + . .     Clarity  .     (no shield)
rNeg   . . .     SustAt   .     (helmet restricted)
rPois  .         Gourm    .     k - amulet of rage
rElec  .         Spirit   .     m - ring of protection from cold
rCorr  .         Warding  .     (no ring)
rMut   .         Stasis   .     (no ring)
MR     .....                    (no ring)
Stlth  +++.......               (no ring)
                                (no ring)
                                (no ring)
                                (no ring)

@: exhausted, slowed, very slow, not resistant to hostile enchantments, fairly
stealthy
A: almost no armour, amphibious, 8 rings, constrict 8, camouflage 1, gelatinous
body 1
a: Berserk, Trog's Hand, Burn Spellbooks, Renounce Religion, Evoke Berserk Rage


You were on level 3 of the Dungeon.
You worshipped Trog.
Trog was pleased with you.
You were very hungry.

You visited 1 branch of the dungeon, and saw 3 of its levels.

You collected 79 gold pieces.

Inventory:

Hand Weapons
 a - a +0 short sword (weapon)
Missiles
 h - 64 stones (quivered)
Jewellery
 k - an amulet of rage (around mantle)
 m - a ring of protection from cold (left tentacle)
Scrolls
 c - 2 scrolls of teleportation
Potions
 g - 3 potions of curing
 l - a potion of resistance
Comestibles
 b - 2 bread rations
 d - 4 meat rations


   Skills:
 + Level 3.3 Fighting
 * Level 3.4 Short Blades
 + Level 1.0 Throwing
 + Level 3.4 Dodging
 * Level 2.6 Stealth


You had 3 spell levels left.
You didn't know any spells.

Dungeon Overview and Level Annotations

Branches:
Dungeon (3/15)

Altars:
Fedhas


Innate Abilities, Weirdness & Mutations

You cannot wear most types of armour.
You are amphibious.
You can wear up to eight rings at the same time.
You can use your tentacles to constrict eight enemies at once.
Your skin changes colour to match your surroundings (Stealth).
Your rubbery body absorbs attacks (AC +1).


Message History

You are exhausted.
You feel yourself slow down.
You are feeling very hungry.
MOVING TO (5,0)
Something hits you.
MOVING TO (4,0) MOVING TO (3,0) MOVING TO (2,0)
You hear some strange, mumbled words.
Something tries to affect you, but you resist.
MOVING TO (1,0) ATTACKING (-1,0)
You barely miss something. Something hits you. Something hits you.
ATTACKING (-1,0)
You hit something but do no damage. Something hits you.
ATTACKING (-1,0)
You hit something. Something hits you.
ATTACKING (-1,0)
You miss something. Something hits you.
You die...

... ....#.# # #.
#.##.....# .# ..
.........###..##
##.#
#.#.............
...
#.#.............
#..
#.#......##.....
#..
#.#.............
#.)##.#.####..##..#
#..)....x#.......>#
#####.####.#..#####
#.# #.#..# ..#
#.#..# ##### ##+#
#.#..# #...#####
#.#..# #........
#.#..###...#####
#.#..#..........
#..##....#####


There were no monsters in sight!

Table legend:
 A = Turns spent in this place as a percentage of turns spent in the entire game.
 B = Non-inter-level travel turns spent in this place as a percentage of non-inter-level travel turns spent in the entire game.
 C = Inter-level travel turns spent in this place as a percentage of turns spent in this place.
 D = Turns resting spent in this place as a percentage of non-inter-level travel turns spent in this place.
 E = Turns spent auto-exploring this place as a percentage of non-inter-level travel turns spent in this place.
 F = Non-inter-level travel turns spent in this place divided by the number of levels of this place that you've seen.
                   A       B       C       D       E      F
               +-------+-------+-------+-------+-------+----------------------
         Total | 100.0 | 100.0 |   0.3 |   0.6 |   2.8 | 1049.7
       Dungeon | 100.0 | 100.0 |   0.3 |   0.6 |   2.8 | 1049.7
               +-------+-------+-------+-------+-------+----------------------

Table legend:
 A = Kills in this place as a percentage of kills in entire the game.
 B = Kills by you in this place as a percentage of kills by you in the entire game.
 C = Kills by friends in this place as a percentage of kills by friends in the entire game.
 D = Other kills in this place as a percentage of other kills in the entire game.
 E = Experience gained in this place as a percentage of experience gained in the entire game.
 F = Experience gained in this place divided by the number of levels of this place that you have seen.
                   A       B       C       D       E      F
               +-------+-------+-------+-------+-------+----------------------
         Total | 100.0 | 100.0 |  -nan |  -nan | 100.0 |  30.0
       Dungeon | 100.0 | 100.0 |  -nan |  -nan | 100.0 |  30.0
               +-------+-------+-------+-------+-------+----------------------

Vanquished Creatures
  A giant gecko (D:2)
  8 orcs (D:3)
  11 hobgoblins
  4 jackals (D:1)
  4 bats
  4 giant cockroaches
  4 giant newts
  4 goblins
  3 kobolds
  A quokka (D:2)
  7 rats
51 creatures vanquished.

Notes
Turn   | Place    | Note
--------------------------------------------------------------
     0 | D:1      | jw the Octopode Berserker began the quest for the Orb.
     0 | D:1      | Reached XP level 1. HP: 16/16 MP: 1/1
   210 | D:1      | Reached skill level 1 in Stealth
   217 | D:1      | Reached XP level 2. HP: 21/21 MP: 2/2
   742 | D:1      | Reached XP level 3. HP: 26/26 MP: 3/3
   912 | D:2      | Found a blossoming altar of Fedhas.
   953 | D:2      | Reached ** piety under Trog
  1163 | D:2      | Reached skill level 1 in Throwing
  1853 | D:3      | Reached XP level 4. HP: 31/31 MP: 4/4
  1870 | D:3      | HP: 1/31 [something (2)]
  1871 | D:3      | Slain by an orc wizard

Action                   |  1- 3 |  4- 6 || total
-------------------------+-------+-------++-------
Melee: Short sword       |    85 |    13 ||    98
Throw: Stone             |    45 |       ||    45
Invok: Berserk           |     1 |       ||     1
  Use: Scroll            |     5 |       ||     5
       Potion            |     3 |       ||     3
 Stab: Sleeping          |     7 |       ||     7
  Eat: Chunk             |     3 |       ||     3

Vault maps used:
D:1:      matt_arrival_refuge
D:2:      marbit_many_paths
D:3:      first_bread
